 Dungeon Crawl Stone Soup version 0.24-a0-484-g962a3eeff7 (webtiles) character file.

Game seed: 17740592715285950535

101 dricus the Sneak (level 4, 0/27 HPs)
             Began as a Vampire Assassin on July 9, 2019.
             Succumbed to a kobold's poison
             ... on level 3 of the Dungeon.
             The game lasted 00:05:09 (2433 turns).

dricus the Sneak (Vampire Assassin)                 Turns: 2433, Time: 00:05:10

Health: 0/27       AC:  4    Str: 11    XL:     4   Next: 48%
Magic:  4/4        EV: 12    Int: 13    God:
Gold:   47         SH:  0    Dex: 15    Spells: 3/3 levels left

rFire    . . .     SeeInvis +   b - +0 short sword (venom)
rCold    . . .     Gourm    .   (no shield)
rNeg     . . .     Faith    .   w - +0 robe
rPois    .         Spirit   .   v - +0 helmet
rElec    .         Reflect  .   c - +0 cloak
rCorr    .         Harm     .   (no gloves)
MR       .....                  (no boots)
Stlth    +++.......             (no amulet)
HPRegen  0.29/turn              (no ring)
MPRegen  0.09/turn              (no ring)

@: lethally poisoned (0 -> -1), regenerating quickly
A: no food, fangs 3, see invisible, [frail 2], unbreathing
a: Exsanguinate


You were on level 3 of the Dungeon.
You were alive.

You visited 1 branch of the dungeon, and saw 3 of its levels.

You collected 47 gold pieces.

Inventory:

Hand Weapons
 a - a +2 dagger
 b - a +0 short sword of venom (weapon)
   (You took it off a kobold on level 2 of the Dungeon)
Missiles
 d - 22 poisoned darts (quivered)
 e - 2 curare-tipped darts {!f}
 g - 100 stones
 o - 5 datura-tipped darts
Armour
 c - a +0 cloak (worn)
 v - a +0 helmet (worn)
   (You found it on level 2 of the Dungeon)
 w - a +0 robe (worn)
Jewellery
 i - a cursed -2 ring of dexterity {unknown}
   (You found it on level 1 of the Dungeon)
 p - an uncursed ring of wizardry {unknown}
   (You found it on level 2 of the Dungeon)
Wands
 u - a wand of enslavement (8)
   (You found it on level 2 of the Dungeon)
Scrolls
 j - a scroll of enchant armour {unknown}
 k - 4 scrolls of identify {unknown}
 l - a scroll of noise {unknown}
 m - a scroll of remove curse {unknown}
 r - 4 scrolls of fog {unknown}
 s - a scroll of enchant weapon {unknown}
Potions
 f - a potion of mutation {unknown}
 h - a potion of flight {unknown}
 n - 2 potions of heal wounds {unknown}
 q - a potion of agility {unknown}
 t - a potion of degeneration {unknown}


   Skills:
 + Level 2.6 Fighting
 * Level 4.0 Short Blades
 - Level 1.5 Throwing
 - Level 1.1 Dodging
 + Level 6.8 Stealth


You had 3 spell levels left.
You didn't know any spells.
Your spell library was empty.

Dungeon Overview and Level Annotations

Branches:
Dungeon (3/15)

Altars:
Elyvilon

Annotations:
D:2 Sigmund


Innate Abilities, Weirdness & Mutations

You do not eat.
Your natural rate of healing is unusually fast.
You have razor-sharp teeth.
You have supernaturally acute eyesight. (SInv)
You can survive without breathing.
[You are very frail. (-20% HP)]


Message History

You feel sick.
You feel sick.
An adder, a rat and a kobold come into view.
You feel sick.
The kobold shouts!
The adder hisses angrily.
Found a white marble altar of Elyvilon.
You feel sick.
The kobold throws a poisoned dart.
The poisoned dart barely misses you. The rat completely misses you.
The adder closely misses you.
You see here a poisoned dart.
You closely miss the adder.
The kobold throws a poisoned dart.
The poisoned dart hits you.
You are more poisoned.
The rat bites you but does no damage. The adder closely misses you.
You feel sick.
The kobold throws a poisoned dart.
The poisoned dart hits you!
You are more poisoned.
The adder misses you.
You see here a poisoned dart.
You feel sick.
You feel sick.
You feel sick. The adder barely misses you.
You see here 3 poisoned darts.
You feel sick. The adder bites you but does no damage.
You feel sick.
You feel sick. The adder misses you.
You see here a poisoned dart.
You closely miss the adder.
You feel sick. The adder barely misses you.
You barely miss the adder.
You feel sick. The adder barely misses you.
You hit the adder.
The adder is poisoned.
The adder bites you.
You miss the adder.
You feel sick. The adder barely misses you.
You are too injured to fight recklessly!
You are too injured to fight recklessly!
Unknown command.
You miss the adder. The adder barely misses you.
You hit the adder.
The adder looks as sick as possible!
You feel sick. The adder bites you.
* * * LOW HITPOINT WARNING * * *
You hit the adder.
You kill the adder!
Your Short Blades skill increases to level 4!
You feel sick.
You barely miss the rat. You bite the rat.
You kill the rat!
You hit the kobold.
The kobold is poisoned.
You feel sick. The kobold hits you with a +0 dagger.
* * * LOW HITPOINT WARNING * * *
You barely miss the kobold. The kobold hits you with a +0 dagger.
* * * LOW HITPOINT WARNING * * *
You hit the kobold but do no damage.
The kobold looks as sick as possible!
You die...

#.##.# #.#.<#
#########.#..#
+##.......#.#..#
..........#.#..#
........%...#..# #
..####.###########..##
#.######........
#(..@K.(.# ##.###
#######..##.....#
#..#.......
#.(#.......
#K.(..._...
#..#.......
#..#.......
#..##.....# #..#
##.###


You could see a kobold.

Vanquished Creatures
  Crazy Yiuf (D:2)
  2 adders
  An ooze (D:2)
  3 dart slugs
  2 leopard geckos (D:2)
  3 bats
  2 giant cockroaches
  4 goblins
  5 hobgoblins
  4 jackals (D:2)
  2 frilled lizards
  8 kobolds
  7 rats
44 creatures vanquished.

Notes
Turn   | Place    | Note
-------+----------+-------------------------------------------
     0 | D:1      | dricus the Vampire Assassin began the quest for the Orb.
     0 | D:1      | Reached XP level 1. HP: 16/16 MP: 1/1
   158 | D:1      | Reached skill level 6 in Stealth
   229 | D:1      | Reached XP level 2. HP: 22/22 MP: 2/2
   520 | D:2      | Noticed a phantom
   570 | D:2      | HP: 1/22 [phantom (6)]
   750 | D:2      | Reached XP level 3. HP: 20/27 MP: 3/3
   844 | D:2      | Noticed Sigmund
  1353 | D:2      | Found a runed translucent door.
  1354 | D:2      | Noticed Crazy Yiuf
  1837 | D:2      | Killed Crazy Yiuf
  1837 | D:2      | Reached XP level 4. HP: 22/27 MP: 4/4
  2411 | D:3      | Found a white marble altar of Elyvilon.
  2432 | D:3      | HP: 1/27 [kobold/+0 dagger (3)]
  2433 | D:3      | Succumbed to a kobold's poison

Levels and vault maps discovered:
D:1:      dpeg_arrival_shrine, layout_rooms, skrybe_limestone_x
D:2:      layout_loops_ring, first_ration, uniq_sigmund, uniq_crazy_yiuf_cottage
D:3:      layout_basic, old_standard_altar, chequers_ecumenical_altar_simple,
          gammafunk_ghost_grave, grunt_ministairs_6, minmay_three_crescents

Skill      XL: |  1  2  3  4 |
---------------+-------------+-----
Stealth        | 6 |  6.8
Fighting       | 2 |  2.6
Short Blades   | 3 4 |  4.0
Throwing       | |  1.5
Dodging        | |  1.1

Action                   |  1- 3 |  4- 6 || total
-------------------------+-------+-------++-------
Melee: Dagger            |   131 |       ||   131
       Bite              |    11 |     1 ||    12
       Short sword       |     3 |    18 ||    21
Throw: Stone             |    27 |       ||    27
       Dart              |     3 |       ||     3
 Abil: Exsanguinate      |     2 |       ||     2
       Revivify          |     2 |       ||     2
Evoke: Wand              |       |     1 ||     1
 Stab: Sleeping          |    12 |       ||    12
Armor: Robe              |    13 |     3 ||    16
Dodge: Dodged            |    67 |    15 ||    82

Table legend:
 A = Non-vault XP
 B = Vault XP
 C = Vault XP percentage of total XP
 D = Non-vault monster count
 E = Vault monster count
 F = Vault count percentage of total count
                 A         B        C        D         E       F
            +---------+---------+-------+---------+---------+-------
      Total |     106 |      39 |  26.9 |      43 |       1 |   2.3
            +---------+---------+-------+---------+---------+-------
        D:1 |      27 |       0 |   0.0 |      14 |       0 |   0.0
        D:2 |      63 |      39 |  38.2 |      26 |       1 |   3.7
        D:3 |      16 |       0 |   0.0 |       3 |       0 |   0.0
            +---------+---------+-------+---------+---------+-------
